 Dungeon Crawl Stone Soup version 0.25-a0-743-g84dc20635f (webtiles) character file.

Game seed: 4522662113508478885, levelgen mode: deterministic

87845 KiliKikkendorf the Warrior (level 15, 0/225 HPs)
             Began as a Hill Orc Fighter on Apr 12, 2020.
             Was a High Priest of Qazlal.
             Slain by a manticore (2 damage)
             ... on level 4 of the Shoals on Apr 13, 2020.
             The game lasted 02:35:23 (24352 turns).

KiliKikkendorf the Warrior (Hill Orc Fighter)      Turns: 24352, Time: 02:35:25

Health: 0/225      AC: 29    Str: 26    XL:     15   Next: 92%
Magic:  2/19       EV:  2    Int:  8    God:    Qazlal [*****.]
Gold:   2202       SH: 23    Dex: 10    Spells: 14/14 levels left

rFire    . . .     SeeInvis +   a - +9 eveningstar (vorpal)
rCold    . . .     Gourm    .   c - +0 kite shield
rNeg     + + +     Faith    .   (armour currently unavailable)
rPois    +         Spirit   .   (helmet currently unavailable)
rElec    +         Reflect  +   (cloak currently unavailable)
rCorr    .         Harm     .   (gloves currently unavailable)
MR       +....     NoTele   +   (boots currently unavailable)
Stlth    +.........             z - +4 amulet of reflection
HPRegen  0.47/turn              B - ring of see invisible
MPRegen  0.16/turn              x - +2 ring of protection

@: mighty, tree-form, protected from electricity, repel missiles
A: no striking features
a: Upheaval, Elemental Force, Disaster Area, Renounce Religion


You were on level 4 of the Shoals.
You worshipped Qazlal.
Qazlal was extremely pleased with you.
You were not hungry.
You were a tree.
You visited 4 branches of the dungeon, and saw 24 of its levels.
You also visited: Ice Cave.

You collected 2202 gold pieces.

Inventory:

Hand Weapons
 a - a +9 vorpal eveningstar (weapon)
 S - a +6 flail of holy wrath
 Y - a +3 executioner's axe of freezing
Missiles
 v - 44 boomerangs (quivered)
Armour
 b - a +2 pair of boots (melded)
 c - a +0 kite shield (worn)
 j - a +2 scale mail of fire resistance
 k - a +2 pair of gloves (melded)
 l - a scarf of repulsion
 q - +0 ice dragon scales (melded)
 y - a +0 cloak of invisibility
 C - a +0 plate armour
 E - a +0 cloak
 O - a scarf of resistance
 Q - a +0 helmet (melded)
 Z - a +2 scale mail of poison resistance
Jewellery
 g - an uncursed ring of flight
 x - a +2 ring of protection (right branch)
 z - a +4 amulet of reflection (around neck)
 B - a ring of see invisible (left branch)
 W - an uncursed ring of protection from cold
 X - an uncursed ring of protection from fire
Wands
 d - a wand of disintegration (9)
 m - a wand of scattershot (3)
 s - a wand of clouds (4)
 F - a wand of polymorph (23)
 G - a wand of enslavement (7)
 I - a wand of digging (2)
 J - a wand of flame (2)
 N - a wand of acid (1)
 V - a wand of paralysis (9)
Scrolls
 e - 2 scrolls of blinking
 i - 5 scrolls of teleportation
 o - 8 scrolls of remove curse
 t - 8 scrolls of amnesia
Potions
 h - 6 potions of lignification
 n - a potion of curing
 p - 2 potions of berserk rage
 r - a potion of stabbing
 A - 2 potions of might
 D - 2 potions of flight
 L - 4 potions of magic
 M - 2 potions of haste
 P - a potion of mutation
 U - a potion of ambrosia
Miscellaneous
 R - a lightning rod (4/4)
 T - a phantom mirror
Comestibles
 f - 40 rations


   Skills:
 - Level 18.5 Fighting
 - Level 14.6(18.5) Axes
 + Level 16.3(17.7) Maces & Flails
 - Level 2.5 Throwing
 - Level 9.0 Armour
 - Level 3.5 Dodging
 - Level 1.2 Stealth
 - Level 12.1 Shields
 + Level 6.5 Invocations
 - Level 2.2 Evocations


You had 14 spell levels left.
You didn't know any spells.
Your spell library contained the following spells:

 Spells                   Type           Power        Failure   Level  Hunger
 Beastly Appendage        Tmut           #.....       52%         1    ##.....
 Sting                    Tmut/Pois      #...         52%         1    ##.....
 Ensorcelled Hibernation  Hex/Ice        #.....       67%         2    ###....
 Poisonous Vapours        Pois/Air       #.....       67%         2    ###....
 Sticks to Snakes         Tmut           #.......     67%         2    ###....
 Ignite Poison            Fire/Tmut/Pois #.......     88%         3    ####...
 Mephitic Cloud           Conj/Pois/Air  #.......     88%         3    ####...
 Spider Form              Tmut/Pois      #.........   88%         3    ####...
 Ice Form                 Ice/Tmut       #.......     99%         4    #####..
 Olgreb's Toxic Radiance  Pois           #.......     99%         4    #####..
 Blade Hands              Tmut           #.........   100%        5    ######.
 Metabolic Englaciation   Hex/Ice        #.........   100%        5    ######.
 Freezing Cloud           Conj/Ice/Air   #.........   100%        6    #######


Dungeon Overview and Level Annotations

Branches:
Dungeon (13/15)            Temple (1/1) D:4            Lair (6/6) D:11
 Shoals (4/4) Lair:3        Snake (0/4) Lair:2        Slime (0/5) Lair:5
    Orc (0/2) D:11          IceCv (visited)
 Vaults: D:13-14

Altars:
Ashenzari
Cheibriados
Dithmenos
Elyvilon
Fedhas
Gozag
Hepliaklqana
Kikubaaqudgha
Makhleb
Nemelex Xobeh
Okawaru
Qazlal
Ru
Sif Muna
Trog
Uskayaw
Vehumet
Wu Jian
Xom
Yredelemnul
Zin
The Shining One
Beogh

Shops:
D:11 (

Annotations:
Shoals:2 1 runed translucent door
Shoals:3 exclusion: obsidian statue
Shoals:4 Polyphemus


Message History

The merfolk avatar chants a haunting song.
You resist.
The manticore bites you but does no damage.
The manticore claws you but does no damage.
You block the manticore's attack.
You hear a shout! x2
The helpless death yak fails to defend itself.
You bludgeon the death yak!!
The death yak is severely wounded.
Your air elemental hits the death yak.
Your air elemental hits the death yak but does no damage.
The merfolk javelineer is engulfed in a cloud of scalding steam.
The merfolk javelineer throws a silver javelin.
The silver javelin pierces through your air elemental!
The silver javelin pierces through you but does no damage.
The silver sears you!
* * * LOW HITPOINT WARNING * * *
The merfolk impaler is engulfed in blazing flames.
You block the merfolk impaler's attack. The manticore bites you.
You die...

≈P≈ ...≈≈≈≈≈≈≈
≈≈.# #.)..≈≈≈≈≈
≈≈..# #......≈≈≈
≈....##....(..≈≈
≈.....#........≈
................
...≈..☼.○.......
..≈≈≈≈°HH°......
...§§§mY♣Y.....≈
....§§CYEE..≈≈≈≈
.(..§§mm§§§≈≈≈≈#
..t.§§§≈≈≈≈≈≈###
....§§...≈≈≈≈#
.....≈..m≈≈≈≈≈#
.......≈m≈≈≈≈##
.......≈≈≈H≈#
.......≈≈≈≈≈#


You could see Polyphemus, a merfolk avatar, a merfolk impaler, a merfolk
javelineer, 3 death yaks, a snapping turtle, a merfolk, 3 manticores, a merfolk
siren, a friendly earth elemental and a friendly air elemental.

Vanquished Creatures
  Nikola (Shoals:1)
  Gastronok (Lair:2)
  Kirke (Shoals:2)
  A stone giant (Shoals:1)
  A merfolk impaler (Shoals:2)
  A yaktaur captain (D:12)
  An ice dragon (Lair:2)
  8 hydras
  Erica (Lair:1)
  2 centaur warriors (D:12)
  A catoblepas (Shoals:4)
  3 merfolk avatars
  2 merfolk aquamancers (Shoals:2)
  A two-headed ogre (D:10)
  A deep troll earth mage (D:12)
  5 death yaks
  Urug (Lair:2)
  3 sea snakes
  2 unseen horrors (D:11)
  An orc knight (D:11)
  4 manticores
  2 ugly things (IceCv)
  8 cyclopes
  5 fauns
  3 ice statues (IceCv)
  3 merfolk sirens
  A water nymph (Shoals:1)
  A centaur zombie (D:10)
  4 black mambas
  A torpor snail (Lair:3)
  A gargoyle (D:12)
  Joseph (D:7)
  6 komodo dragons
  9 spiny frogs
  Maggie (D:6)
  2 rime drakes
  A troll (D:9)
  16 merfolk
  3 polar bears (Lair:6)
  4 hornets
  6 wind drakes
  12 hippogriffs
  6 dream sheep
  26 blink frogs
  5 snapping turtles
  2 shadows (D:12)
  2 wraiths (D:12)
  A vampire (D:11)
  14 spriggans
  4 water elementals
  Eustachio (D:6)
  9 yaks
  3 wyverns
  A human (Shoals:2)
  A basilisk (Lair:5)
  3 hungry ghosts
  Menkaure (D:6)
  2 wargs (D:11)
  An acid dragon (D:12)
  3 nagas (Lair:2)
  13 water moccasins
  13 porcupines
  10 ice beasts
  7 black bears
  12 orc warriors
  An eye of draining (D:11)
  4 sky beasts
  4 boggarts (Lair:6)
  8 ogres
  23 wolves (Lair:6)
  A necrophage (D:12)
  6 centaurs
  8 crocodiles
  Blork the orc (D:6)
  2 big kobolds (D:12)
  16 bullfrogs
  7 scorpions
  4 killer bees (D:10)
  A vampire bat (D:2)
  4 wights (D:9)
  8 howler monkeys
  8 crimson imps
  12 orc priests
  3 bullfrog zombies
  A centaur skeleton (D:12)
  5 hounds
  16 jellies
  2 iguanas
  8 worker ants
  8 orc wizards
  A worker ant zombie (D:7)
  4 gnolls (D:8)
  11 adders
  A shadow imp (D:12)
  12 white imps (Lair:4)
  An adder skeleton (D:4)
  4 worms
  2 dart slugs
  5 leopard geckos
  56 orcs
  7 bats
  6 bat zombies (D:2)
  18 giant cockroaches
  7 goblins
  8 hobgoblins
  8 jackals
  8 kobolds
  10 quokkas
  A ball python (D:1)
  6 frilled lizards
  A jackal skeleton (D:7)
  A quokka zombie (D:6)
  6 rats
  2 fungi
619 creatures vanquished.

Vanquished Creatures (collateral kills)
  Rupert (D:12)
  Sonja (Lair:3)
  A faun (Shoals:2)
  A manticore (Shoals:4)
  A water nymph (Shoals:4)
  4 merfolk
  2 water elementals (Shoals:4)
  An orc warrior (D:11)
12 creatures vanquished.

Vanquished Creatures (others)
  A fire giant (D:12)
  2 cyclopes
  4 fauns
  An orc warrior (D:11)
  A boggart (D:12)
  7 centaurs
  An orc (D:12)
  A kobold (D:12)
  13 fungi
  6 plants
37 creatures vanquished.

Grand Total: 668 creatures vanquished

Notes
Turn   | Place    | Note
-------+----------+-------------------------------------------
     0 | D:1      | KiliKikkendorf the Hill Orc Fighter began the quest for the
                  | Orb.
     0 | D:1      | Reached XP level 1. HP: 19/19 MP: 1/1
    34 | D:1      | Reached XP level 2. HP: 18/27 MP: 2/2
   433 | D:1      | Reached XP level 3. HP: 33/33 MP: 3/3
   781 | D:2      | Found a shadowy altar of Dithmenos.
   823 | D:2      | Reached skill level 4 in Fighting
   848 | D:2      | Reached XP level 4. HP: 25/40 MP: 4/4
  1064 | D:2      | Found a hazy altar of Hepliaklqana.
  1124 | D:2      | Found an opulent altar of Gozag.
  1537 | D:2      | Found an ancient bone altar of Kikubaaqudgha.
  1582 | D:2      | Reached XP level 5. HP: 45/46 MP: 5/5
  1775 | D:3      | Found a blossoming altar of Fedhas.
  1828 | D:3      | Reached skill level 5 in Axes
  1860 | D:3      | Reached XP level 6. HP: 17/53 MP: 6/6
  2080 | D:3      | Reached skill level 1 in Dodging
  2305 | D:3      | Found a white marble altar of Elyvilon.
  2711 | D:4      | Reached skill level 5 in Shields
  2765 | D:4      | Reached XP level 7. HP: 48/60 MP: 7/7
  2950 | D:4      | Found a staircase to the Ecumenical Temple.
  3211 | Temple   | Entered the Ecumenical Temple
  3319 | Temple   | Became a worshipper of Qazlal Stormbringer
  3589 | D:5      | Entered Level 5 of the Dungeon
  3764 | D:5      | Reached skill level 5 in Armour
  4073 | D:5      | Reached XP level 8. HP: 55/67 MP: 8/8
  4268 | D:5      | Reached skill level 5 in Fighting
  4283 | D:5      | Found a radiant altar of Vehumet.
  4822 | D:6      | Found a radiant altar of Vehumet.
  4834 | D:6      | Noticed Eustachio
  4870 | D:6      | Killed Eustachio
  5361 | D:6      | Noticed Maggie
  5368 | D:6      | Reached * piety under Qazlal
  5372 | D:6      | Paralysed by Maggie for 6 turns
  5383 | D:6      | Paralysed by Maggie for 6 turns
  5392 | D:6      | Killed Maggie
  5392 | D:6      | Reached XP level 9. HP: 65/75 MP: 9/9
  5408 | D:6      | Noticed Menkaure
  5429 | D:6      | Killed Menkaure
  5429 | D:6      | Reached skill level 1 in Evocations
  5651 | D:6      | Noticed Blork the orc
  5658 | D:6      | Killed Blork the orc
  5658 | D:6      | Reached skill level 6 in Fighting
  5713 | D:6      | Reached skill level 10 in Axes
  6078 | D:6      | Reached skill level 1 in Stealth
  6190 | D:7      | Noticed Joseph
  6225 | D:7      | Killed Joseph
  6225 | D:7      | Reached skill level 1 in Throwing
  6780 | D:7      | Reached XP level 10. HP: 77/84 MP: 11/11
  7089 | D:8      | Reached skill level 7 in Fighting
  7166 | D:8      | Reached ** piety under Qazlal
  7267 | D:8      | Found a basalt altar of Yredelemnul.
  7303 | D:8      | Found an ornate altar of the Wu Jian Council.
  7314 | D:8      | Found a stormy altar of Qazlal.
  8617 | D:10     | Entered Level 10 of the Dungeon
  8689 | D:10     | Reached skill level 8 in Fighting
  8855 | D:10     | Noticed a two-headed ogre
  8882 | D:10     | Killed a two-headed ogre
  8966 | D:10     | Reached XP level 11. HP: 95/95 MP: 12/12
  9180 | D:10     | Reached *** piety under Qazlal
  9626 | D:11     | Found Ymaxuom's Antique Weapon Shoppe.
  9914 | D:11     | Reached skill level 9 in Fighting
 10181 | D:11     | Noticed an orc knight
 10343 | D:11     | Killed an orc knight
 10454 | D:11     | Found a roughly hewn altar of Beogh.
 10499 | D:11     | Noticed an unseen horror
 10528 | D:11     | Killed an unseen horror
 10528 | D:11     | Reached skill level 1 in Invocations
 10574 | D:11     | Noticed an unseen horror
 10604 | D:11     | Killed an unseen horror
 10775 | D:11     | Found a staircase to the Orcish Mines.
 11101 | D:11     | Found a staircase to the Lair.
 11160 | Lair:1   | Entered Level 1 of the Lair of Beasts
 11181 | Lair:1   | Reached skill level 10 in Shields
 11388 | D:11     | Reached skill level 10 in Fighting
 11556 | Lair:1   | Reached XP level 12. HP: 106/106 MP: 13/13
 11677 | Lair:1   | Noticed Erica
 11706 | Lair:1   | Killed Erica
 12184 | Lair:2   | Reached **** piety under Qazlal
 12872 | Lair:2   | Found a staircase to the Snake Pit.
 13009 | Lair:2   | Noticed an ice dragon
 13038 | Lair:2   | Killed an ice dragon
 13369 | Lair:2   | Got a sheer robe
 13373 | Lair:2   | Got an ebony dagger
 13374 | Lair:2   | Identified the +0 robe of the End {rN+} (You found it on
                  | level 2 of the Lair of Beasts)
 13376 | Lair:2   | Identified the +10 dagger "Juogamel" {antimagic, rN+ Str+4}
                  | (You found it on level 2 of the Lair of Beasts)
 13463 | Lair:2   | Reached skill level 11 in Fighting
 13464 | Lair:2   | Found a shimmering blue altar of Sif Muna.
 13749 | Lair:3   | Reached skill level 12 in Fighting
 13884 | Lair:3   | Reached skill level 13 in Fighting
 14144 | Lair:3   | Found a runed translucent door.
 14152 | Lair:3   | Upgraded the game from 0.25-a0-737-g26c3a87c45 to
                  | 0.25-a0-743-g84dc20635f
 14159 | Lair:3   | Noticed a six-headed hydra
 14228 | Lair:3   | Reached skill level 14 in Fighting
 14231 | Lair:3   | Noticed Sonja
 14233 | Lair:3   | Noticed Urug
 14236 | Lair:3   | Killed Sonja
 14236 | Lair:3   | Reached XP level 13. HP: 124/124 MP: 1/14
 14248 | Lair:3   | Noticed Gastronok
 14357 | Lair:2   | Killed Urug
 14604 | Lair:2   | Killed Gastronok
 14604 | Lair:2   | Reached skill level 15 in Fighting
 14704 | D:12     | Found a glowing golden altar of the Shining One.
 14880 | D:12     | Reached skill level 16 in Fighting
 15350 | D:12     | Noticed Rupert
 15352 | D:12     | Paralysed by Rupert for 4 turns
 15375 | D:12     | Killed Rupert
 15700 | D:12     | Reached skill level 17 in Fighting
 16092 | D:12     | Reached skill level 1 in Maces & Flails
 16152 | D:12     | Noticed a fire giant
 16576 | D:12     | Noticed a yaktaur captain
 16589 | D:12     | Killed a yaktaur captain
 16642 | D:12     | Reached skill level 18 in Fighting
 16873 | D:12     | Identified the Volume of the Countless Cities
 16915 | D:12     | Killed a fire giant
 17506 | Lair:3   | Found a staircase to the Shoals.
 17943 | Lair:3   | Reached skill level 5 in Maces & Flails
 18081 | Lair:3   | Reached XP level 14. HP: 112/144 MP: 17/17
 18238 | Lair:4   | Found a frozen archway.
 18261 | IceCv    | Entered an ice cave
 18301 | IceCv    | Reached ***** piety under Qazlal
 18466 | IceCv    | Got a transparent long sword
 18467 | IceCv    | Identified the +6 long sword of Valiance {vorpal, Str+4}
                  | (You found it in an ice cave)
 18959 | Lair:4   | You fall into a shaft and drop 2 floors!
 18959 | Lair:6   | Entered Level 6 of the Lair of Beasts
 18987 | Lair:6   | Reached skill level 10 in Maces & Flails
 20636 | Lair:5   | Reached ****** piety under Qazlal
 20720 | Lair:5   | Found a staircase to the Slime Pits.
 21242 | Shoals:1 | Entered Level 1 of the Shoals
 21298 | Shoals:1 | Noticed a stone giant
 21309 | Shoals:1 | Killed a stone giant
 21309 | Shoals:1 | Reached XP level 15. HP: 116/150 MP: 18/18
 21581 | Shoals:1 | You fall into a shaft and drop 1 floor!
 21871 | Shoals:2 | Found a runed translucent door.
 22157 | Shoals:1 | Noticed Nikola
 22159 | Shoals:1 | Reached skill level 15 in Maces & Flails
 22174 | Shoals:1 | Killed Nikola
 22174 | Shoals:1 | Reached skill level 5 in Invocations
 23567 | Shoals:3 | Noticed Kirke
 23580 | Shoals:2 | Killed Kirke
 24299 | Shoals:4 | Entered Level 4 of the Shoals
 24336 | Shoals:4 | Noticed Polyphemus
 24350 | Shoals:4 | HP: 10/225 [merfolk impaler/+2 demon trident of
                  | electrocution (12)]
 24351 | Shoals:4 | HP: 3/225 [merfolk/+0 trident (7)]
 24352 | Shoals:4 | Slain by a manticore

Levels and vault maps discovered:
D:1:      minmay_arrival_semitransparent, layout_basic, serial_curves,
          eino_curves_01, eino_curves_03
D:2:      minmay_roachtagon, layout_loops_ring, lemuel_round_altar,
          nicolae_gozag_seed_capital, old_standard_altar,
          kennysheep_vampire_church
D:3:      layout_basic, elyvilon_altar_3, first_ration, fedhas_altar_2
D:4:      layout_rooms, minmay_temple_entry_gardened_gates,
          minmay_misc_feat_diagonals
D:5:      layout_loops_corners, vehumet_altar_wand_db
D:6:      layout_basic, basic_altar, uniq_eustachio, uniq_maggie, uniq_menkaure,
          uniq_blork_the_orc
D:7:      layout_basic, uniq_joseph
D:8:      layout_basic, grunt_temple_overflow_open, basic_altar
D:9:      layout_basic
D:10:     layout_grid_maze
D:11:     layout_roguey [special_room_orc], grunt_lair_entry_orc_guard_hut,
          david_orc_1_choice, serial_shops, nicolae_shop_statue_plus,
          minmay_misc_feat_rugged
D:12:     minmay_two_paths, layout_basic, hangedman_stone_soup, tso_metal_star,
          uniq_rupert
D:13:     layout_stronghold, minmay_guarded_unrand_resistance
Temple:   jpeg_temple_clearing
Lair:1:   layout_regular_city, grunt_megastairs_2, uniq_erica
Lair:2:   dragon1_lemuel, layout_regular_city, guppyfry_snake_entry_garden,
          lemuel_centaur_altar
Lair:3:   layout_layer_cave, minmay_shoals_entry_centaurs, pf_torpor_hydra,
          uniq_urug, uniq_sonja, uniq_gastronok
Lair:4:   layout_misc_corridors, portal_ice_cave_entry_imps, lemuel_fruit_tree
Lair:5:   layout_regular_city, minmay_slime_entry_jelly_boxes,
          cheibrodos_lair_caveside_slide
Lair:6:   minmay_lair_end_enchanted_forest, layout_cave_pods
Shoals:1: layout_shoals, st_cyclops, uniq_nikola
Shoals:2: layout_shoals, lightli_airlock
Shoals:3: layout_shoals, overgrown_statue, uniq_kirke
Shoals:4: shoals_end_grunt_ice, layout_shoals, shoal_ilsuiw,
          hangedman_shoal_volcano, uniq_polyphemus

Skill      XL: |  1  2  3  4  5  6  7  8  9 10 11 12 13 14 15 |
---------------+----------------------------------------------+-----
Axes           | 3 4 5 6 7 9 11 12 14 | 14.6
Shields        | 4 5 6 7 8 10 12 | 12.1
Fighting       | 4 5 6 8 10 14 18 | 18.5
Armour         | 4 5 6 7 8 9 |  9.0
Dodging        | 1 2 3 |  3.5
Evocations     | 1 2 |  2.2
Stealth        | 1 |  1.2
Throwing       | 1 2 |  2.5
Invocations    | 1 2 4 6 |  6.5
Maces & Flails | 5 13 16 | 16.3

Action                   |  1- 3 |  4- 6 |  7- 9 | 10-12 | 13-15 || total
-------------------------+-------+-------+-------+-------+-------++-------
Melee: War axe           |   123 |   214 |   402 |   364 |       ||  1103
       Hand axe          |       |       |       |   644 |   254 ||   898
       Eveningstar       |       |       |       |       |   692 ||   692
       Flail             |       |       |       |       |    35 ||    35
Throw: Boomerang         |       |       |    23 |    14 |    34 ||    71
Invok: Elemental Force   |       |       |       |     5 |    10 ||    15
       Upheaval          |       |       |       |     1 |       ||     1
Evoke: Wand              |       |       |    11 |     6 |    52 ||    69
       Lightning rod     |       |       |       |       |     1 ||     1
  Use: Scroll            |     3 |     2 |     8 |    16 |    30 ||    59
       Potion            |     1 |     6 |     3 |     6 |    13 ||    29
 Stab: Distracted        |       |       |       |       |     1 ||     1
       Petrified         |       |       |       |       |     2 ||     2
  Eat: Chunk             |       |     3 |    12 |    17 |    11 ||    43
       Ration            |       |     1 |     3 |     2 |     7 ||    13
Armor: Scale mail        |    70 |   175 |   175 |    30 |    12 ||   462
       Plate armour      |       |       |       |   150 |   104 ||   254
       Skin              |       |       |       |     8 |    23 ||    31
       Ice dragon scales |       |       |       |       |   179 ||   179
Dodge: Dodged            |    39 |    92 |   127 |   109 |   199 ||   566
       Deflected         |       |       |       |     2 |    24 ||    26
Block: Kite shield       |    72 |   141 |   197 |   697 |  1043 ||  2150
       Reflection        |       |       |       |    45 |    78 ||   123

Table legend:
 A = Non-vault XP
 B = Vault XP
 C = Vault XP percentage of total XP
 D = Non-vault monster count
 E = Vault monster count
 F = Vault count percentage of total count
                 A         B        C        D         E       F
            +---------+---------+-------+---------+---------+-------
      Total |   75171 |   50323 |  40.1 |     441 |     204 |  31.6
            +---------+---------+-------+---------+---------+-------
        D:1 |      34 |       0 |   0.0 |      18 |       0 |   0.0
        D:2 |      58 |      93 |  61.6 |      24 |      19 |  44.2
        D:3 |     316 |       0 |   0.0 |      28 |       0 |   0.0
        D:4 |     433 |       0 |   0.0 |      16 |       0 |   0.0
        D:5 |     779 |       1 |   0.1 |      13 |       1 |   7.1
        D:6 |     679 |     827 |  54.9 |      17 |       4 |  19.0
        D:7 |    1424 |     397 |  21.8 |      21 |       1 |   4.5
        D:8 |     554 |       0 |   0.0 |      23 |       0 |   0.0
        D:9 |    1692 |       0 |   0.0 |      17 |       0 |   0.0
       D:10 |    3507 |     280 |   7.4 |      35 |       2 |   5.4
       D:11 |    2370 |    2918 |  55.2 |      12 |      39 |  76.5
       D:12 |    3404 |   11200 |  76.7 |      31 |      19 |  38.0
       D:13 |     511 |       0 |   0.0 |       1 |       0 |   0.0
     Lair:1 |    3444 |    1650 |  32.4 |      15 |       5 |  25.0
     Lair:2 |    4902 |    5075 |  50.9 |      25 |      10 |  28.6
     Lair:3 |    6370 |    2060 |  24.4 |      25 |       7 |  21.9
     Lair:4 |    6610 |     121 |   1.8 |      16 |      12 |  42.9
     Lair:5 |    2594 |     608 |  19.0 |       7 |      14 |  66.7
     Lair:6 |    8202 |    8017 |  49.4 |      27 |      46 |  63.0
   Shoals:1 |    8408 |    9536 |  53.1 |      19 |       9 |  32.1
   Shoals:2 |   10607 |    2155 |  16.9 |      28 |       1 |   3.4
   Shoals:3 |    6413 |       0 |   0.0 |      14 |       0 |   0.0
   Shoals:4 |    1860 |    2120 |  53.3 |       9 |       4 |  30.8
      IceCv |       0 |    3265 | 100.0 |       0 |      11 | 100.0
            +---------+---------+-------+---------+---------+-------
